 Dungeon Crawl Stone Soup version 0.20.0-14-g326068f (webtiles) character file.

134 tilp the Firebug (level 5, -2/38 HPs)
             Began as a Hill Orc Fire Elementalist on June 8, 2017.
             Slain by an iguana (14 damage)
             ... on level 3 of the Dungeon.
             The game lasted 00:09:40 (3578 turns).

tilp the Firebug (Hill Orc Fire Elementalist)       Turns: 3578, Time: 00:09:41

Health: -2/38      AC:  3    Str: 11    XL:     5   Next: 17%
Magic:  4/8        EV: 12    Int: 16    God:
Gold:   108        SH:  0    Dex: 11    Spells: 0/8 levels left

rFire    . . .     SeeInvis .   l - +0 dagger
rCold    . . .     Gourm    .   (no shield)
rNeg     . . .     Faith    .   a - +0 robe
rPois    .         Spirit   .   u - +0 helmet (curse)
rElec    .         Reflect  .   (no cloak)
rCorr    .         Harm     .   (no gloves)
MR       .....                  (no boots)
Stlth    ++........             (no amulet)
Regen    0.2/turn               (no ring)
MPRegen  0.2/turn               (no ring)

@: no status effects
A: no striking features
a: no special abilities


You were on level 3 of the Dungeon.
You were not hungry.

You visited 1 branch of the dungeon, and saw 4 of its levels.

You collected 108 gold pieces.

Inventory:

Hand Weapons
 l - a +0 dagger (weapon)
Armour
 a - a +0 robe (worn)
 u - a cursed +0 helmet (worn)
Jewellery
 k - an uncursed ring of wizardry {unknown}
 v - an uncursed amulet of guardian spirit {unknown}
Scrolls
 d - a scroll of enchant weapon {unknown}
 f - 3 scrolls of enchant armour {unknown}
 h - a scroll of remove curse
 i - a scroll of noise {unknown}
 p - 2 scrolls of blinking {unknown}
 r - a scroll of random uselessness {unknown}
 s - a scroll of identify {unknown}
 w - a scroll of immolation {unknown}
 x - a scroll of teleportation {unknown}
Potions
 e - a potion of haste {unknown}
 m - 2 potions of might {unknown}
 n - a potion of lignification {unknown}
 q - a potion of heal wounds {unknown}
 t - 4 potions of brilliance {unknown}
Books
 b - a book of Flames

   Spells                             Type                      Level
   a - Flame Tongue                   Conjuration/Fire             1
   b - Throw Flame                    Conjuration/Fire             2
   c - Conjure Flame                  Conjuration/Fire             3
   d - Inner Flame                    Hexes/Fire                   3
   e - Sticky Flame                   Conjuration/Fire             4
   f - Fireball                       Conjuration/Fire             5
 o - a book of Maledictions

   Spells                             Type                      Level
   a - Corona                         Hexes                        1
   b - Ensorcelled Hibernation        Hexes/Ice                    2
   c - Confuse                        Hexes                        3
   d - Tukima's Dance                 Hexes                        3
   e - Dazzling Spray                 Conjuration/Hexes            3
Comestibles
 c - 2 bread rations
 g - 2 meat rations
 j - a royal jelly


   Skills:
 + Level 1.7 Short Blades
 - Level 1.5 Dodging
 - Level 1.5 Stealth
 * Level 2.4 Spellcasting
 * Level 2.3 Conjurations
 + Level 4.3 Fire Magic


You couldn't memorise any spells.
You knew the following spells:

 Your Spells              Type           Power        Failure   Level  Hunger
a - Flame Tongue          Conj/Fire      ##...        4%          1    #......
b - Conjure Flame         Conj/Fire      ##......     16%         3    ###....
c - Sticky Flame          Conj/Fire      ##......     45%         4    #####..


Dungeon Overview and Level Annotations

Branches:
Dungeon (4/15)
 Temple: D:4-7

Altars:
Kikubaaqudgha
Makhleb
Qazlal
Sif Muna
The Shining One

Annotations:
D:3 Eustachio


Message History

The iguana bites you.
Eustachio mumbles some strange words.
Eustachio casts a spell.
Casting: Flame Tongue
Confirm with . or Enter, or press ? or * to list all spells.
Aiming: Flame Tongue
Press: ? - help, Shift-Dir - straight line, f - iguana
Aim: an iguana The flame tongue hits the iguana.
The iguana appears unharmed.
Your magical contamination has completely faded away.
Casting: Flame Tongue
Confirm with . or Enter, or press ? or * to list all spells.
Aiming: Flame Tongue
Press: ? - help, Shift-Dir - straight line, f/p - iguana
Aim: an iguana The flame tongue hits the iguana.
The iguana is moderately wounded.
The iguana bites you! The iguana bites you!
You die...

#######....##########.#########
#..............................
#..........###....###.#######.#
###>................)[.....w..#.#
.........r..####....##.######.#.#
....#####'#r####....##..# #.#.#
....#####.@r..b[....###)# #.#.#
..........#####l##### #.## #....
####......# #.@..# #..# ###.#
#......# ####)# ##.# #.. #......#
####.# #.## #.. #......# ##....#
#..# #.. #......# #....#######.#
#.< #......# #............# #..
######.# #............## #.#
###.# #.....)^......# #.#
#...#######.########.####.#


You could see an iguana and a bat.

Vanquished Creatures
  Jessica (D:2)
  A worker ant (D:3)
  Robin (D:3)
  An ooze (D:3)
  A worm (D:3)
  2 dart slugs
  An orc (D:3)
  A giant cockroach (D:2)
  12 goblins
  11 hobgoblins
  2 jackals (D:2)
  2 ball pythons
  9 bats
  5 frilled lizards
  7 kobolds
  7 rats
64 creatures vanquished.

Notes
Turn   | Place    | Note
-------+----------+-------------------------------------------
     0 | D:1      | tilp the Hill Orc Fire Elementalist began the quest for the Orb.
     0 | D:1      | Reached XP level 1. HP: 14/14 MP: 3/3
   177 | D:1      | Found a glowing golden altar of the Shining One.
   246 | D:1      | Reached XP level 2. HP: 20/20 MP: 0/4
  1117 | D:2      | Reached XP level 3. HP: 25/26 MP: 4/6
  1122 | D:2      | Learned a level 3 spell: Conjure Flame
  1216 | D:2      | Found a stormy altar of Qazlal.
  1690 | D:2      | Reached skill level 4 in Fire Magic
  1744 | D:2      | Noticed Jessica
  1828 | D:2      | Killed Jessica
  1828 | D:2      | Reached XP level 4. HP: 33/33 MP: 4/7
  1893 | D:2      | Found a burning altar of Makhleb.
  1935 | D:3      | Found an ancient bone altar of Kikubaaqudgha.
  2381 | D:3      | Reached skill level 1 in Short Blades
  2550 | D:3      | Noticed Robin
  2555 | D:3      | Killed Robin
  3355 | D:3      | Found a deep blue altar of Sif Muna.
  3452 | D:4      | Noticed Eustachio
  3460 | D:3      | Reached XP level 5. HP: 26/38 MP: 2/8
  3516 | D:3      | Learned a level 4 spell: Sticky Flame
  3578 | D:3      | Slain by an iguana

Skill      XL: |  1  2  3  4 |
---------------+-------------+-----
Spellcasting   | 2 |  2.4
Fire Magic     | 4 |  4.3
Conjurations   | 2 |  2.3
Short Blades   | 1 |  1.7
Dodging        | |  1.5
Stealth        | |  1.5

Action                   |  1- 3 |  4- 6 || total
-------------------------+-------+-------++-------
Melee: Club              |    15 |       ||    15
       Dagger            |    72 |   119 ||   191
 Cast: Flame Tongue      |    41 |    29 ||    70
  Use: Scroll            |     1 |       ||     1
 Stab: Sleeping          |       |     2 ||     2
       Distracted        |       |     1 ||     1
  Eat: Chunk             |     4 |     4 ||     8
       Royal jelly       |       |     1 ||     1
Armor: Robe              |    20 |    17 ||    37
Dodge: Dodged            |    63 |    69 ||   132
